 Dungeon Crawl Stone Soup version 0.23-a0-286-gcae3914892 (webtiles) character file.

9 Henning the Shield-Bearer (level 2, 29/29 HPs)
             Began as a Gnoll Fighter on Oct 3, 2018.
             Quit the game on level 1 of the Dungeon.
             The game lasted 00:00:22 (173 turns).

Henning the Shield-Bearer (Gnoll Fighter)            Turns: 173, Time: 00:00:23

Health: 29/29      AC:  7    Str: 18    XL:     2   Next: 16%
Magic:  2/2        EV:  8    Int: 10    God:
Gold:   0          SH: 10    Dex: 14    Spells: 1/1 levels left

rFire    . . .     SeeInvis .   a - +0 flail
rCold    . . .     Gourm    .   c - +0 shield
rNeg     . . .     Faith    .   b - +0 scale mail
rPois    .         Spirit   .   (no helmet)
rElec    .         Reflect  .   (no cloak)
rCorr    .         Harm     .   (no gloves)
MR       .....                  (no boots)
Stlth    ..........             (no amulet)
HPRegen  0.09/turn              (no ring)
MPRegen  0.08/turn              (no ring)

@: no status effects
A: distributed training, fangs 1, strong nose
a: no special abilities


You were on level 1 of the Dungeon.
You were not hungry.

You visited 1 branch of the dungeon, and saw 1 of its levels.

Inventory:

Hand Weapons
 a - a +0 flail (weapon)
Armour
 b - a +0 scale mail (worn)
 c - a +0 shield (worn)
Potions
 d - a potion of might
 e - 2 potions of resistance {unknown}
 h - a potion of flight {unknown}
Comestibles
 f - a ration
 g - a chunk of flesh


   Skills:
 + Level 6.4 Fighting
 + Level 0.3 Short Blades
 + Level 0.3 Long Blades
 + Level 0.3 Axes
 + Level 4.4 Maces & Flails
 + Level 0.3 Polearms
 + Level 0.3 Staves
 + Level 0.3 Slings
 + Level 0.3 Bows
 + Level 0.3 Crossbows
 + Level 0.3 Throwing
 + Level 6.4 Armour
 + Level 0.3 Dodging
 + Level 0.3 Stealth
 + Level 6.4 Shields
 + Level 0.3 Unarmed Combat
 + Level 0.3 Spellcasting
 + Level 0.2 Conjurations
 + Level 0.2 Hexes
 + Level 0.2 Charms
 + Level 0.2 Summonings
 + Level 0.2 Necromancy
 + Level 0.2 Translocations
 + Level 0.2 Transmutations
 + Level 0.2 Fire Magic
 + Level 0.2 Ice Magic
 + Level 0.2 Air Magic
 + Level 0.2 Earth Magic
 + Level 0.2 Poison Magic
 + Level 0.4 Invocations
 + Level 0.3 Evocations


You had one spell level left.
You didn't know any spells.
Your spell library was empty.

Dungeon Overview and Level Annotations

Branches:
Dungeon (1/15)

Altars:


Innate Abilities, Weirdness & Mutations

Your experience applies equally to all skills.
You have very sharp teeth.
Your uncanny sense of smell can sniff out nearby items.


Message History

Things that are here:
a dagger; a kobold corpse The kobold corpse isn't edible.
Things that are here:
a short sword; 3 stones; a kobold corpse The kobold corpse isn't edible.
h - a puce potion A hobgoblin comes into view.
A hobgoblin is nearby!
The hobgoblin shouts!
You hit the hobgoblin but do no damage. You block the hobgoblin's attack.
You barely miss the hobgoblin. The hobgoblin closely misses you.
You block the hobgoblin's attack.
You hit the hobgoblin.
The hobgoblin is moderately wounded.
You block the hobgoblin's attack.
Saving game... please wait.
Welcome back, Henning the Gnoll Fighter.
Press ? for a list of commands and other information.
Are you sure you want to abandon this character and quit the game? (Confirm

.'...............'...).'......).'
##...#######....##.....##########
#....# ##########'#### #
#####(###........##.# #
.................##.# ### #
#...)............##.# ##.## #
#.)..............##.# ##...## #
#...............g##.# ##.....## #
..#######.......@##.###.......###
...........####..##.##.........##
#.##############.##.+.....<.....'
#...................#####...#####
################.#### ##.## . ..#
#.# # ##.. #.# #..# #.# #... #+#


You could see a hobgoblin.

Vanquished Creatures
  A leopard gecko (D:1)
  A giant cockroach (D:1)
  A goblin (D:1)
  4 kobolds (D:1)
  A rat (D:1)
8 creatures vanquished.

Notes
Turn   | Place    | Note
-------+----------+-------------------------------------------
     0 | D:1      | Henning the Gnoll Fighter began the quest for the Orb.
     0 | D:1      | Reached XP level 1. HP: 23/23 MP: 1/1
   100 | D:1      | Reached XP level 2. HP: 29/29 MP: 2/2
   173 | D:1      | Quit the game

Vault maps used:
D:1:      mrwooster_arrival_arrow

Action                   || total
-------------------------++-------
Melee: Flail             ||    23
       Bite              ||     1
Armor: Scale mail        ||     8
Dodge: Dodged            ||     2
Block: Shield            ||    12

Table legend:
 A = Non-vault XP
 B = Vault XP
 C = Vault XP percentage of total XP
 D = Non-vault monster count
 E = Vault monster count
 F = Vault count percentage of total count
                 A         B        C        D         E       F
            +---------+---------+-------+---------+---------+-------
      Total |      14 |       0 |   0.0 |       8 |       0 |   0.0
            +---------+---------+-------+---------+---------+-------
        D:1 |      14 |       0 |   0.0 |       8 |       0 |   0.0
            +---------+---------+-------+---------+---------+-------
